DigDug <3, neutral male scurrid Tourist ------ |%&..| |WVZ@| |WWZW+ |||..| ------ DigDug <3 the Rambler Experience level: 2 Strength: 13 Dexterity: 9 Constitution: 14 Intelligence: 12 Wisdom: 9 Charisma: 17 Health: 0(18) Energy: 6(6) Def: 1 Gold: 1202 Moves: 215 Dungeon seed: De3hhGqZrIvbTB0D Game ID: DigDug <3_1528900744 Your Inventory: Coins $ - 1202 gold pieces Weapons a - 36 uncursed +2 darts (in quiver) w - a blessed +4 axe named Axe of Omen Armor e - a blessed +0 Hawaiian shirt (being worn) n - an uncursed +0 pair of speed boots (being worn) Comestibles b - 7 uncursed food rations c - 2 uncursed cram rations d - 2 uncursed chestnuts f - 2 uncursed eggs g - an uncursed tripe ration Scrolls i - 4 uncursed scrolls of magic mapping v - 2 uncursed scrolls of earth Potions h - a blessed potion of extra healing Rings u - an uncursed ring of polymorph control Wands l - an uncursed wand of secret door detection (0:11) x - an uncursed wand of magic missile (0:6) y - an uncursed wand of cancellation (0:4) A - an uncursed wand of nothing (0:5) B - an uncursed wand of light (0:14) Tools j - an uncursed expensive camera (0:66) k - an uncursed credit card m - an uncursed leash Spells and supernatural/magical abilities: Name Level Category Fail Memory W - pray for help -- divine ? -- Your skills at the end: Miscellaneous Skills wands [Basic] Weapon Skills dart [Basic] Spellcasting Skills Final Attributes: You were devoutly aligned. Your writing paw was ok. You had infravision. You were very stealthy. You were very fast. You are dead. Vanquished creatures: a shrieker an iguana a large kobold a kobold 4 creatures vanquished. Voluntary challenges: You went without food. You did not adorn yourself with jewelry or accessories. You did not cause conflict. You were not invisible. You did not have reflection. You were not displaced. You were an atheist. You used a wielded weapon 2 times, starting on turn 118. You did not apply a unicorn horn. You did not use plumbed fixtures. You were illiterate. You never genocided any monsters. You never polymorphed an object. You never changed form. You used no wishes. You never split a pudding. You never wrote Elbereth's name. You never violated your personal moral code. Dungeon overview: The Dungeons of Doom: levels 1 to 22 Level 1 a fountain a long staircase Level 2 Level 3 Level 4 Level 5 Level 6 Level 7 stairs to Sokoban Level 8 a fountain Level 9 Level 10 Level 11 Level 12 Level 13 Level 14 Level 15 Level 16 Level 17 Level 18 Level 19 Level 20 Level 21 Level 22 <- You were here Sokoban: Level 6 a magic chest stairs to The Dungeons of Doom History has recorded: On T:1 you entered the Dungeons of Doom to retrieve the Amulet of Yendor! On T:7 you reached level 2 of The Dungeons of Doom. On T:13 you reached level 3 of The Dungeons of Doom. On T:24 you reached level 4 of The Dungeons of Doom. On T:30 you reached level 5 of The Dungeons of Doom. On T:37 you reached level 6 of The Dungeons of Doom. On T:45 you reached level 4 of Sokoban. On T:111 you opened a magic chest. On T:119 you advanced to experience level 2. On T:139 you reached level 8 of The Dungeons of Doom. On T:144 you reached level 9 of The Dungeons of Doom. On T:148 you reached level 10 of The Dungeons of Doom. On T:153 you reached level 11 of The Dungeons of Doom. On T:158 you reached level 12 of The Dungeons of Doom. On T:163 you reached level 13 of The Dungeons of Doom. On T:168 you reached level 14 of The Dungeons of Doom. On T:174 you reached level 15 of The Dungeons of Doom. On T:185 you reached level 16 of The Dungeons of Doom. On T:190 you reached level 17 of The Dungeons of Doom. On T:198 you reached level 18 of The Dungeons of Doom. On T:198 you entered the Rogue tribute level. On T:202 you reached level 19 of The Dungeons of Doom. On T:207 you reached level 20 of The Dungeons of Doom. On T:209 you reached level 21 of The Dungeons of Doom. On T:215 you reached level 22 of The Dungeons of Doom. Score breakdown: Gold: 349 ( 34 points) Experience: 2 levels ( 100 points) Exploration: 22 levels ( 630 points) Discoveries: 8 items ( 400 points) Variety of kills: 4 monsters ( 200 points) Major goal: (nothing yet) ( 0 points) Survival: died (score multiplied by 3) Total score: 4092 Latest messages: You start digging downward. You continue digging downward. You dig a pit in the floor. You continue digging downward. (6x) You dig a hole through the floor. You fall through... You start digging downward. The werejackal punches you! The werejackal is blinded by the flash! The werejackal turns to flee! You start digging downward. You continue digging downward. You dig a pit in the floor. You continue digging downward. (6x) You dig a hole through the floor. You fall through... You have an uncanny feeling... The gnome zombie scratches you! The giant zombie scratches you! You die... Final status: Aloha DigDug <3 the Tourist, killed by a giant zombie... You died in The Dungeons of Doom on dungeon level 22 with 4092 points, and 1202 pieces of gold, after 215 moves. You were level 2 with a maximum of 18 hit points when you died.